 Dungeon Crawl Stone Soup version 0.30-a0-568-g124715a40b (webtiles) character file.

Game seed: 2349037341076080706

1631 Newt the Shooter (level 8, -5/55 (60) HPs)
             Began as a Demonspawn Gladiator on Dec 28, 2022.
             Was an Initiate of Gozag.
             Slain by Edmund
             ... wielding a +1 dire flail of draining
              (17 damage)
             ... on level 6 of the Dungeon.
             The game lasted 00:07:55 (5581 turns).

Newt the Shooter (Demonspawn Gladiator)             Turns: 5581, Time: 00:07:56

HP:   -5/55 (60)    AC:  7    Str: 16    XL:     8   Next: 65%
MP:   8/8           EV: 13    Int: 11    God:    Gozag
Gold: 351           SH:  0    Dex: 14    Spells: 7/7 levels left

rFire   + . .      SeeInvis .    a - +1 dagger (venom)
rCold   . . .      Faith    .    (no shield)
rNeg    . . .      Spirit   .    t - +3 leather armour {rF+}
rPois   .          Reflect  .    (helmet restricted)
rElec   .          Harm     .    s - +0 cloak
rCorr   .          Rampage  .    (no gloves)
Will    .....                    (no boots)
Stlth   ++                       (no amulet)
HPRegen 0.29/turn                (no ring)
MPRegen 0.22/turn                (no ring)

@: drained
A: antennae 2, spiny 1, magic regeneration
a: Renounce Religion, Potion Petition, Call Merchant, Bribe Branch


You were on level 6 of the Dungeon.
You worshipped Gozag.
Gozag was aware of your devotion.
You visited 2 branches of the dungeon, and saw 7 of its levels.

You collected 406 gold pieces.
You paid 55 gold pieces to Gozag.

Inventory:

Hand Weapons
 a - a +1 dagger of venom (weapon)
 b - a +2 sling
 j - a +0 long sword
 r - a +0 rapier
Armour
 c - a +0 helmet
 m - a +0 leather armour
 s - a +0 cloak (worn)
 t - a +3 leather armour of fire resistance (worn)
Wands
 n - a wand of light (1)
 u - a wand of polymorph (7)
Scrolls
 g - 3 scrolls of blinking
 h - 5 scrolls of teleportation
Potions
 e - a potion of curing
 f - a potion of berserk rage
 i - 3 potions of flight
 k - a potion of attraction
 l - a potion of lignification
 q - a potion of haste


   Skills:
 - Level 4.0 Fighting
 - Level 2.6 Short Blades
 + Level 7.0 Ranged Weapons
 - Level 5.0 Throwing
 - Level 4.0 Dodging
 - Level 3.0 Stealth


You had 7 spell levels left.
You didn't know any spells.
Your spell library contained the following spells:

 Spells                   Type           Power      Damage    Failure   Level
 Ensorcelled Hibernation  Hex/Ice        0%         N/A       54%         2
 Scorch                   Fire           0%         2d5       54%         2
 Call Canine Familiar     Summ           0%         N/A       78%         3
 Gell's Gravitas          Tloc           0%         N/A       78%         3
 Lesser Beckoning         Tloc           0%         N/A       78%         3
 Portal Projectile        Hex/Tloc       0%         N/A       78%         3
 Spider Form              Tmut/Pois      0%         N/A       78%         3
 Teleport Other           Tloc           0%         N/A       78%         3
 Anguish                  Hex/Necr       0%         N/A       99%         4
 Flame Wave               Conj/Fire      0%         2d4       99%         4
 Leda's Liquefaction      Hex/Erth       0%         N/A       99%         4
 Dispersal                Tloc           0%         N/A       100%        6
 Summon Cactus Giant      Summ           0%         N/A       100%        6


Dungeon Overview and Level Annotations

Branches:
Dungeon (6/15)             Temple (1/1) D:4

Altars:
Ashenzari
Cheibriados
Dithmenos
Fedhas
Gozag
Hepliaklqana
Kikubaaqudgha
Makhleb
Nemelex Xobeh
Okawaru
Qazlal
Ru
Sif Muna
Uskayaw
Xom
Yredelemnul

Shops:
D:3 =

Annotations:
D:6 Edmund


Innate Abilities, Weirdness & Mutations

You have a pair of antennae on your head.
You are partially covered in sharp spines.
You regenerate magic rapidly.


Message History

You punch Edmund, but do no damage.
Edmund is lightly wounded.
Edmund struggles against the net. x2
You hit Edmund but do no damage.
Edmund looks as sick as possible!
Edmund is lightly wounded.
Edmund struggles against the net.
The net rips apart, and Edmund comes free!
You hit Edmund but do no damage.
Edmund is lightly wounded.
Edmund barely misses you.
Edmund hits you with a +1 dire flail of draining!!
You feel drained.
* * * LOW HITPOINT WARNING * * *
Throw: throwing net
Press: ? - help, Q - select action, (/) - cycle Shift-Dir - straight line, f/p - Edmund
Aim: Edmund, wielding a +1 dire flail of draining and wearing a +0 scale mail (moderately wounded, berserk, extremely poisoned, 66% to hit)
You throw a throwing net. The throwing net hits Edmund.
Edmund is caught in the net!
Edmund is moderately wounded.
Edmund struggles against the net.
Edmund struggles against the net.
Aiming: Bolt of Light
Press: ? - help, Shift-Dir - straight line, f/p - Edmund
Aim: Edmund, wielding a +1 dire flail of draining and wearing a +0 scale mail (moderately wounded, berserk, entangled in a net, extremely poisoned, 100% to hit)
The bolt of light hits Edmund!
Edmund is heavily wounded.
Edmund is blinded.
Edmund struggles against the net. x2
Throw: javelin
Press: ? - help, Shift-Dir - straight line, f/p - Edmund
Aim: Edmund, wielding a +1 dire flail of draining and wearing a +0 scale mail (severely wounded, wandering, berserk, entangled in a net, blind, very poisoned, hasn't noticed you, 94% to hit)
You throw a javelin. The javelin pierces through Edmund!
Edmund is severely wounded.
Edmund struggles against the net.
The net rips apart, and Edmund comes free!
You closely miss Edmund.
Edmund is severely wounded.
Edmund hits you with a +1 dire flail of draining!
You die...
Your body crumbles into a pile of gold.

###.##..##..####<##
...$
###...###..#..#
#..# ....
#.............#
#..##....
...........#..#
##.......
.)............##
#....#
#.......#.###..#
###....##
##....#####
#..###.......#
#...###
##..##.$....(#
.....##
#..@@.#......
#.....# #.....##
#.... ##..###
##..### .?. #...#
#.## . ##.## ###
###


You could see Edmund (berserk, blind, very poisoned).

Vanquished Creatures
  Eustachio (D:4)
  4 black bears
  An ogre (D:4)
  A centaur (D:5)
  A bullfrog (D:6)
  2 necrophages (D:5)
  3 scorpions (D:5)
  5 hounds
  2 jellies (D:5)
  Crazy Yiuf (D:3)
  Jessica (D:2)
  3 iguanas
  3 orc wizards
  8 adders
  2 shadow imps (D:5)
  A white imp (D:6)
  An ufetubus (D:6)
  2 worms
  3 dart slugs
  9 orcs
  8 endoplasms
  4 giant cockroaches (D:1)
  2 goblins
  4 hobgoblins
  4 quokkas
  7 ball pythons
  5 bats
  3 frilled lizards
  4 kobolds
  7 rats
102 creatures vanquished.

Notes
Turn   | Place    | Note
-------+----------+-------------------------------------------
     0 | D:1      | Newt the Demonspawn Gladiator began the quest for the Orb.
     0 | D:1      | Reached XP level 1. HP: 16/16 MP: 1/1
   103 | D:1      | Reached skill level 1 in Stealth
   209 | D:1      | Gained mutation: You have a pair of small antennae on your
                  | head. [demonic ancestry]
   209 | D:1      | Reached XP level 2. HP: 19/22 MP: 2/2
  1017 | D:2      | Gained mutation: You are partially covered in sharp spines.
                  | [demonic ancestry]
  1017 | D:2      | Reached XP level 3. HP: 27/27 MP: 3/3
  1020 | D:2      | Noticed Jessica
  1029 | D:2      | Killed Jessica
  1221 | D:2      | Gained mutation: You regenerate magic rapidly. [demonic
                  | ancestry]
  1221 | D:2      | Reached XP level 4. HP: 29/35 MP: 4/4
  1469 | D:2      | Found a faded altar of an unknown god.
  1759 | D:3      | Reached XP level 5. HP: 8/42 MP: 5/5
  1969 | D:3      | Found Dist's Jewellery Boutique.
  2248 | D:3      | Noticed a black bear
  2258 | D:3      | Killed a black bear
  2259 | D:3      | Reached XP level 6. HP: 41/48 MP: 6/6
  2516 | D:3      | Found a runed translucent door.
  2517 | D:3      | Noticed Crazy Yiuf
  2624 | D:3      | Killed Crazy Yiuf
  2943 | D:4      | Noticed Eustachio
  3000 | D:4      | Killed Eustachio
  3001 | D:4      | Reached skill level 5 in Throwing
  3001 | D:4      | Reached skill level 2 in Ranged Weapons
  3001 | D:4      | Gained mutation: You have a pair of antennae on your head.
                  | [demonic ancestry]
  3001 | D:4      | Reached XP level 7. HP: 16/54 MP: 7/7
  3332 | D:4      | Found a staircase to the Ecumenical Temple.
  3343 | D:4      | Reached skill level 3 in Ranged Weapons
  3618 | Temple   | Entered the Ecumenical Temple
  3685 | Temple   | Became a worshipper of Gozag Ym Sagoz the Greedy
  3991 | D:5      | Entered Level 5 of the Dungeon
  3997 | D:5      | Reached skill level 4 in Ranged Weapons
  4463 | D:5      | Reached skill level 5 in Ranged Weapons
  4472 | D:5      | Reached XP level 8. HP: 6/60 MP: 8/8
  5146 | D:5      | Reached skill level 6 in Ranged Weapons
  5289 | D:6      | Found an iron altar of Okawaru.
  5290 | D:6      | Noticed Edmund
  5509 | D:6      | Found a broken altar of Ashenzari.
  5563 | D:6      | Reached skill level 7 in Ranged Weapons
  5581 | D:6      | Slain by Edmund

Illustrated notes

Levels and vault maps discovered:
D:1:      dpeg_arrival_signposts, layout_basic, patterned_corridor
D:2:      layout_rooms, chequers_ecumenical_altar_lobes, kennysheep_nondescript,
          hex_intersection, uniq_jessica
D:3:      layout_loops_ring, serial_shops, nicolae_shop_hallway_stairs,
          uniq_crazy_yiuf_cottage
D:4:      layout_basic, minmay_temple_entry_offerings, due_unseen_surprise,
          uniq_eustachio
D:5:      cheibrodos_quashed, layout_basic, wad_rectangle_vault
D:6:      layout_cave_pools, mainiacjoe_overflow_small_starburst,
          ashenzari_altar_1, uniq_edmund
Temple:   nicolae_temple_x_marks_the_god

Skill      XL: |  1  2  3  4  5  6  7  8 |
---------------+-------------------------+-----
Stealth        | 1 2 3 |  3.0
Fighting       | 3 4 |  4.0
Throwing       | 2 3 5 |  5.0
Ranged Weapons | 2 5 7 |  7.0
Dodging        | 3 4 |  4.0
Short Blades   | |  2.6

Action                   |  1- 3 |  4- 6 |  7- 9 || total
-------------------------+-------+-------+-------++-------
Melee: Rapier            |    67 |    87 |       ||   154
       Punch             |     1 |       |     3 ||     4
       Dagger            |       |    13 |    81 ||    94
 Fire: Sling             |    23 |    54 |    85 ||   162
Throw: Javelin           |       |     2 |     2 ||     4
       Throwing net      |       |       |     3 ||     3
Evoke: Wand              |       |     3 |     1 ||     4
  Use: Scroll            |     2 |     6 |     7 ||    15
       Potion            |       |     2 |     1 ||     3
 Stab: Sleeping          |     5 |     2 |       ||     7
       Invisible         |       |     1 |       ||     1
Armor: Leather armour    |    14 |    27 |    34 ||    75
Dodge: Dodged            |    43 |    71 |    72 ||   186

Table legend: (Time is in decaauts)
 A = Elapsed time spent in this place.
 B = Non-inter-level travel time spent in this place.
 C = Inter-level travel time spent in this place.
 D = Time resting spent in this place.
 E = Time spent auto-exploring this place.
 F = Levels seen in this place.
 G = Mean time per level.
                   A        B        C        D        E       F      G
               +--------+--------+--------+--------+--------+-----+--------+
         Total |   5620 |   5471 |    149 |   1182 |   3396 |   7 |  802.9 |
       Dungeon |   5542 |   5419 |    123 |   1182 |   3350 |   6 |  923.7 |
        Temple |     77 |     51 |     26 |      0 |     46 |   1 |   77.0 |
               +--------+--------+--------+--------+--------+-----+--------+

Top non-repeatable levels by time:
     D:4: 1412 daAuts
     D:5: 1343 daAuts
     D:3: 1129 daAuts
     D:1: 962 daAuts
     D:2: 607 daAuts
     D:6: 87 daAuts
  Temple: 77 daAuts
